 Dungeon Crawl Stone Soup version 0.20-a0-1117-g62da73f (webtiles) character file.

102 Monsterracer the Grave Robber (level 4, -2/33 HPs)
             Began as a Demonspawn Necromancer on May 9, 2017.
             Slain by galech's ghost (9 damage)
             ... on level 3 of the Dungeon.
             The game lasted 00:10:47 (3140 turns).

Monsterracer the Grave Robber (DsNe)                Turns: 3140, Time: 00:10:48

Health: -2/33      AC:  6    Str:  8    XL:     4   Next: 49%
Magic:  7/7        EV: 12    Int: 18    God:
Gold:   133        SH:  0    Dex: 13    Spells: 2/7 levels left

rFire    . . .     SeeInvis .   e - +1 dagger (elec)
rCold    . . .     Gourm    .   (no shield)
rNeg     . . .     Faith    .   a - +0 robe
rPois    .         Spirit   .   (helmet restricted)
rElec    +         Reflect  .   (no cloak)
rCorr    .         Harm     .   p - +0 pair of gloves
MR       .....                  (no boots)
Stlth    ++........             (no amulet)
Regen    0.2/turn               (no ring)
MPRegen  0.1/turn               (no ring)

@: no status effects
A: horns 1, icy blue scales 2, deterioration 1, mutation resistance 1, robust 1,
electricity resistance
a: no special abilities


You were on level 3 of the Dungeon.
You were not hungry.

You visited 1 branch of the dungeon, and saw 3 of its levels.

You collected 133 gold pieces.

Inventory:

Hand Weapons
 e - a +1 dagger of electrocution (weapon)
Armour
 a - a +0 robe (worn)
 p - a +0 pair of gloves (worn)
Jewellery
 l - a cursed ring of teleportation {unknown}
Scrolls
 d - 6 scrolls of identify {unknown}
 g - 2 scrolls of blinking {unknown}
 i - 3 scrolls of teleportation {unknown}
 k - 2 scrolls of remove curse {unknown}
 m - 2 scrolls of amnesia {unknown}
 n - 2 scrolls of fear {unknown}
 r - 2 scrolls of immolation {unknown}
Potions
 j - 2 potions of mutation
 o - a potion of curing
 s - a potion of heal wounds
Books
 b - a book of Necromancy

   Spells                             Type                      Level
   a - Pain                           Necromancy                   1
   b - Animate Skeleton               Necromancy                   1
   c - Vampiric Draining              Necromancy                   3
   d - Regeneration                   Charms/Necromancy            3
   e - Animate Dead                   Necromancy                   4
   f - Control Undead                 Necromancy                   4
Comestibles
 c - 2 bread rations
 f - 2 royal jellies
 h - a meat ration
 q - a chunk of flesh


   Skills:
 - Level 1.7 Dodging
 - Level 1.7 Stealth
 - Level 2.0 Spellcasting
 + Level 6.5 Necromancy


You had 2 spell levels left.
You knew the following spells:

 Your Spells              Type           Power        Failure   Level  Hunger
a - Pain                  Necr           ####         1%          1    #......
b - Animate Skeleton      Necr           N/A          1%          1    #......
c - Vampiric Draining     Necr           ####......   3%          3    ###....


Dungeon Overview and Level Annotations

Branches:
Dungeon (3/15)

Altars:
Elyvilon
Gozag
Qazlal

Annotations:
D:3 galech's ghost, amateur OgBe


Innate Abilities, Weirdness & Mutations

You have a pair of small horns on your head.
You are mostly covered in icy blue scales. (AC +3)
Your body sometimes deteriorates upon taking damage.
You are somewhat resistant to further mutation.
You are robust. (+10% HP)
You are resistant to electric shocks. (rElec)


Message History

Casting: Vampiric Draining
Confirm with . or Enter, or press ? or * to list all spells.
Aiming: Vampiric Draining
Press: ? - help, Shift-Dir - straight line, f/p - galech's ghost
Aim: galech's ghost (moderately damaged)
You can't drain life from that!
Galech's ghost says, "My insurmountable tactics guarantee your defeat."
You hit galech's ghost.
Lightning courses through galech's ghost!
Galech's ghost is heavily damaged.
Galech's ghost hits you!
* * * LOW HITPOINT WARNING * * *
You hit galech's ghost but do no damage.
Galech's ghost is heavily damaged.
Galech's ghost barely misses you.
You hit galech's ghost.
Lightning courses through galech's ghost!
Galech's ghost is severely damaged.
Galech's ghost hits you!
You die...

#.......##...#.
#.......#......
####..!...# #.##..##
# #.## #.# #.# #W##
####@.# #.....## #.
#......## #..
#.......## #..#
#........##+##..#
#..............#
#............########
#..........†.........
###########..........


You could see galech's ghost.

Vanquished Creatures
  3 adders
  3 worms
  5 dart slugs
  16 bats
  3 giant cockroaches
  5 goblins
  6 hobgoblins (D:1)
  2 kobolds
  A quokka (D:2)
  3 ball pythons
  5 frilled lizards
  5 rats
57 creatures vanquished.

Notes
Turn   | Place    | Note
-------+----------+-------------------------------------------
     0 | D:1      | Monsterracer the Demonspawn Necromancer began the quest for the Orb.
     0 | D:1      | Reached XP level 1. HP: 13/13 MP: 3/3
   388 | D:1      | Gained mutation: You are resistant to electric shocks. (rElec) [potion of mutation]
   388 | D:1      | Gained mutation: Your body sometimes deteriorates upon taking damage. [potion of mutation]
   388 | D:1      | Gained mutation: You are robust. (+10% HP) [potion of mutation]
   388 | D:1      | Gained mutation: You are somewhat resistant to further mutation. [potion of mutation]
   453 | D:1      | Gained mutation: You are partially covered in icy blue scales. (AC +2) [demonic ancestry]
   453 | D:1      | Reached XP level 2. HP: 11/20 MP: 1/5
   613 | D:1      | Learned a level 1 spell: Animate Skeleton
   625 | D:1      | Reached skill level 5 in Necromancy
   693 | D:1      | You fall through a shaft!
  1127 | D:1      | Gained mutation: You are mostly covered in icy blue scales. (AC +3) [demonic ancestry]
  1127 | D:1      | Reached XP level 3. HP: 24/26 MP: 3/6
  1376 | D:1      | Learned a level 3 spell: Vampiric Draining
  2126 | D:2      | You fall through a shaft!
  2126 | D:3      | Found a stormy altar of Qazlal.
  2188 | D:2      | Reached skill level 6 in Necromancy
  2568 | D:2      | Gained mutation: You have a pair of small horns on your head. [demonic ancestry]
  2568 | D:2      | Reached XP level 4. HP: 31/33 MP: 3/7
  2879 | D:3      | Found an opulent altar of Gozag.
  2959 | D:3      | Found a white marble altar of Elyvilon.
  3123 | D:3      | Noticed galech's ghost (amateur OgBe)
  3140 | D:3      | Slain by galech's ghost

Vault maps used:
D:1:      minmay_arrival_wavy_path
D:2:      first_bread
D:3:      lemuel_coloured_pillars_altar, gammafunk_temple_overflow_claw,
          overflow_temple_1_default, grunt_gozag_breadcrumbs,
          grunt_temple_overflow_open, uniq_robin

Skill      XL: |  1  2  3 |
---------------+----------+-----
Necromancy     | 5 6 |  6.5
Dodging        | |  1.7
Stealth        | |  1.7
Spellcasting   | |  2.0

Action                   |  1- 3 |  4- 6 || total
-------------------------+-------+-------++-------
Melee: Dagger            |    51 |    23 ||    74
 Cast: Pain              |    69 |    17 ||    86
       Vampiric Draining |       |     2 ||     2
  Use: Potion            |     4 |       ||     4
 Stab: Sleeping          |     2 |       ||     2
  Eat: Chunk             |     6 |     2 ||     8
Armor: Robe              |    30 |    10 ||    40
Dodge: Dodged            |    44 |    11 ||    55
